 Dungeon Crawl Stone Soup version 0.21.1-1-g345015fe64 (webtiles) character file.

573 bonnero the Gusty (level 7, -14/37 HPs)
             Began as a Tengu Air Elementalist on July 8, 2018.
             Was an Initiate of Dithmenos.
             Demolished by an ogre
             ... wielding a cursed -2 giant club
              (21 damage)
             ... on level 5 of the Dungeon.
             The game lasted 01:14:50 (5788 turns).

bonnero the Gusty (Tengu Air Elementalist)          Turns: 5788, Time: 01:14:51

Health: -14/37     AC:  5    Str: 11      XL:     7   Next: 34%
Magic:  5/14       EV: 12    Int: 16 (17) God:    Dithmenos [......]
Gold:   102        SH:  3    Dex: 15      Spells: 11/14 levels left

rFire    . . .     SeeInvis .   g - +0 whip
rCold    + . .     Gourm    .   k - +0 buckler
rNeg     . . .     Faith    .   m - +1 leather armour of Courage {+Blink +Fly MR+ Str+3}
rPois    .         Spirit   .   (helmet restricted)
rElec    .         Reflect  .   (no cloak)
rCorr    +         Harm     .   f - +0 pair of gloves
MR       +....                  (boots unavailable)
Stlth    ++........             (no amulet)
HPRegen  0.12/turn              j - ring of protection from cold
MPRegen  0.14/turn              x - ring of resist corrosion

@: no status effects
A: beak, talons 3, able to fly 1
a: Fly, Renounce Religion, Evoke Blink, Evoke Flight


You were on level 5 of the Dungeon.
You worshipped Dithmenos.
Dithmenos was noncommittal.
You were not hungry.

You visited 2 branches of the dungeon, and saw 7 of its levels.

You collected 102 gold pieces.

Inventory:

Hand Weapons
 g - a +0 whip (weapon)
Missiles
 n - 7 javelins (quivered)
Armour
 f - a +0 pair of gloves (worn)
 k - a +0 buckler (worn)
 m - the +1 leather armour of Courage (worn) {+Blink +Fly MR+ Str+3}
   (You found it on level 4 of the Dungeon)

   It affects your strength (+3).
   It affects your resistance to hostile enchantments.
   It lets you fly.
   It lets you blink.
Jewellery
 j - a ring of protection from cold (left hand)
 x - a ring of resist corrosion (right hand)
Wands
 a - a wand of digging (17)
 h - a wand of polymorph (15)
Scrolls
 d - a scroll of amnesia
 i - 6 scrolls of teleportation
 l - a scroll of remove curse
 o - 3 scrolls of identify
 s - a scroll of enchant armour {unknown}
 t - a scroll of magic mapping {unknown}
 v - a scroll of fear {unknown}
 w - a scroll of noise {unknown}
Potions
 e - a potion of mutation
 p - 2 potions of curing
 q - a potion of brilliance
 r - a potion of heal wounds
Books
 b - a book of Air

   Spells                             Type                      Level
   a - Shock                          Conjuration/Air              1
   b - Swiftness                      Charms/Air                   2
   c - Static Discharge               Conjuration/Air              3
   d - Airstrike                      Air                          4
   e - Lightning Bolt                 Conjuration/Air              5
Comestibles
 c - 11 rations
 u - 5 chunks of flesh


   Skills:
 + Level 0.6 Fighting
 + Level 2.0 Armour
 + Level 3.2 Dodging
 - Level 2.1 Stealth
 + Level 4.3 Spellcasting
 + Level 3.5 Conjurations
 + Level 0.3 Charms
 + Level 7.0 Air Magic


You had 11 spell levels left.
You knew the following spells:

 Your Spells              Type           Power        Failure   Level  Hunger
a - Shock                 Conj/Air       ###.         4%          1    None
b - Swiftness             Chrm/Air       ###.....     12%         2    ##.....


Dungeon Overview and Level Annotations

Branches:
Dungeon (6/15)             Temple (1/1) D:4

Altars:
Cheibriados
Dithmenos
Gozag
Hepliaklqana
Makhleb
Uskayaw
Xom


Innate Abilities, Weirdness & Mutations

You have a beak for a mouth.
You have claws for feet.
You can fly.


Message History

The zap hits the hound.
You kill the hound!
Dithmenos accepts your kill.
An ogre comes into view. It is wielding a giant club.
The ogre shouts!
The ogre moves out of view.
The ogre closely misses you. The ogre hits you with a giant club!
You block the ogre's attack.
A crimson imp comes into view. It is wielding a war axe.
The crimson imp shouts!
The ogre closely misses you. The ogre misses you.
The ogre hits you with a giant club!
* * * LOW HITPOINT WARNING * * *
The crimson imp laughs crazily.
The crimson imp blinks!
The ogre barely misses you. The ogre hits you with a giant club!!
Ouch! That really hurt!
You die...

####### . ... ########
.....#......###### #####
......O@.........###....
........................
.5......................
#######################.
## ## ####. ##....
......


You could see an ogre and a crimson imp.

Vanquished Creatures
  An ogre (D:4)
  A scorpion (D:5)
  A howler monkey (D:4)
  A crimson imp (D:5)
  A hound (D:5)
  2 orc wizards
  3 worker ants
  4 gnolls
  6 adders
  A shadow imp (D:5)
  3 oozes
  5 worms
  2 dart slugs
  9 orcs
  3 giant cockroaches
  11 goblins
  7 hobgoblins
  8 jackals
  5 kobolds
  A ball python (D:1)
  5 bats
  A frilled lizard (D:1)
  4 rats
85 creatures vanquished.

Notes
Turn   | Place    | Note
-------+----------+-------------------------------------------
     0 | D:1      | bonnero the Tengu Air Elementalist began the quest for the Orb.
     0 | D:1      | Reached XP level 1. HP: 10/10 MP: 4/4
   220 | D:1      | Reached XP level 2. HP: 15/15 MP: 1/6
   595 | D:1      | Reached XP level 3. HP: 8/19 MP: 1/7
   815 | D:1      | Learned a level 2 spell: Swiftness
  1229 | D:2      | Reached skill level 5 in Air Magic
  1767 | D:2      | Reached XP level 4. HP: 24/24 MP: 5/9
  2245 | D:2      | Gained mutation: You can fly. [Tengu growth]
  2245 | D:2      | Reached XP level 5. HP: 11/28 MP: 2/10
  2726 | D:2      | Reached skill level 6 in Air Magic
  3411 | D:3      | Reached XP level 6. HP: 31/33 MP: 3/12
  3995 | D:4      | Got a heavily runed leather armour
  4006 | D:4      | Identified the +1 leather armour of Courage {+Blink +Fly MR+ Str+3} (You found it on level 4 of the Dungeon)
  4169 | D:5      | Entered Level 5 of the Dungeon
  4784 | D:4      | Found a staircase to the Ecumenical Temple.
  4959 | Temple   | Entered the Ecumenical Temple
  5054 | Temple   | Became a worshipper of Dithmenos the Shadowed
  5307 | D:5      | Noticed a phantom
  5406 | D:5      | Reached skill level 1 in Armour
  5421 | D:5      | Reached XP level 7. HP: 26/37 MP: 0/14
  5687 | D:5      | Reached skill level 7 in Air Magic
  5788 | D:5      | Demolished by an ogre

Skill      XL: |  1  2  3  4  5  6  7 |
---------------+----------------------+-----
Air Magic      | 5 6 7 |  7.0
Dodging        | 3 |  3.2
Spellcasting   | 3 4 |  4.3
Conjurations   | 2 3 |  3.5
Armour         | 1 2 |  2.0
Fighting       | |  0.6
Stealth        | |  2.1
Charms         | |  0.3

Action                   |  1- 3 |  4- 6 |  7- 9 || total
-------------------------+-------+-------+-------++-------
Melee: Dagger            |     2 |       |       ||     2
       Whip              |    10 |    18 |       ||    28
       Kick              |     2 |     3 |       ||     5
       Peck              |     1 |     3 |       ||     4
Throw: Javelin           |       |     8 |       ||     8
 Cast: Shock             |    69 |   153 |    34 ||   256
       Swiftness         |       |     3 |       ||     3
 Abil: Fly               |       |     2 |       ||     2
  Use: Potion            |       |     3 |       ||     3
       Scroll            |       |     7 |     2 ||     9
  Eat: Chunk             |     2 |     4 |       ||     6
       Ration            |     1 |     2 |       ||     3
Armor: Robe              |     5 |     7 |       ||    12
       Leather armour    |       |     2 |     3 ||     5
Dodge: Dodged            |    31 |    43 |    12 ||    86
Block: Buckler           |     1 |     6 |     2 ||     9
